 Dungeon Crawl Stone Soup version 0.24.0-123-gd5b16e6ec5 (webtiles) character file.

Game seed: 11272456372444955611, levelgen mode: deterministic

100 vurker the Fighter (level 4, -1/45 HPs)
             Began as a Gnoll Wanderer on Jan 30, 2020.
             Slain by a gnoll
             ... wielding a +0 halberd
              (3 damage)
             ... on level 3 of the Dungeon.
             The game lasted 00:05:00 (2459 turns).

vurker the Fighter (Gnoll Wanderer)                 Turns: 2459, Time: 00:05:00

Health: -1/45      AC: 11    Str: 17    XL:     4   Next: 73%
Magic:  14/14      EV:  7    Int: 15    God:
Gold:   93         SH:  0    Dex: 12    Spells: 5/5 levels left

rFire    . . .     SeeInvis .   a - +2 mace
rCold    . . .     Gourm    .   (no shield)
rNeg     . . .     Faith    .   q - +0 chain mail
rPois    .         Spirit   .   (no helmet)
rElec    .         Reflect  .   i - +1 cloak
rCorr    .         Harm     .   (no gloves)
MR       .....                  (no boots)
Stlth    ..........             (no amulet)
HPRegen  0.15/turn              l - ring of wizardry
MPRegen  0.14/turn              c - ring of magical power

@: berserk cooldown
A: distributed training, fangs 1, strong nose
a: no special abilities


You were on level 3 of the Dungeon.
You were not hungry.

You visited 1 branch of the dungeon, and saw 3 of its levels.

You collected 93 gold pieces.

Inventory:

Hand Weapons
 a - a +2 mace (weapon)
Armour
 i - a +1 cloak (worn)
   (You found it on level 1 of the Dungeon)
 q - a +0 chain mail (worn)
   (You found it on level 2 of the Dungeon)
Jewellery
 c - a ring of magical power (right hand)
   (You found it on level 2 of the Dungeon)
 l - a ring of wizardry (left hand)
   (You found it on level 1 of the Dungeon)
 p - an uncursed ring of fire
   (You found it on level 2 of the Dungeon)
Scrolls
 g - 3 scrolls of enchant armour
 h - a scroll of magic mapping {unknown}
 j - 3 scrolls of identify {unknown}
 m - a scroll of random uselessness {unknown}
 n - a scroll of immolation {unknown}
 o - a scroll of fog {unknown}
 r - a scroll of fear {unknown}
 v - a scroll of enchant weapon {unknown}
Potions
 b - a potion of lignification
 f - 2 potions of agility
 k - a potion of berserk rage
 u - a potion of curing
Comestibles
 d - a chunk of flesh
 e - 5 rations


   Skills:
 + Level 8.6 Fighting
 + Level 1.2 Short Blades
 + Level 1.2 Long Blades
 + Level 1.2 Axes
 + Level 4.6 Maces & Flails
 + Level 1.2 Polearms
 + Level 1.2 Staves
 + Level 1.2 Slings
 + Level 1.2 Bows
 + Level 1.2 Crossbows
 + Level 1.2 Throwing
 + Level 4.6 Armour
 + Level 1.2 Dodging
 + Level 2.6 Stealth
 + Level 2.8 Shields
 + Level 1.2 Unarmed Combat
 + Level 1.2 Spellcasting
 + Level 1.0 Conjurations
 + Level 1.0 Hexes
 + Level 1.0 Charms
 + Level 1.0 Summonings
 + Level 1.0 Necromancy
 + Level 1.0 Translocations
 + Level 1.0 Transmutations
 + Level 1.0 Fire Magic
 + Level 1.0 Ice Magic
 + Level 1.0 Air Magic
 + Level 1.0 Earth Magic
 + Level 1.0 Poison Magic
 + Level 1.3 Invocations
 + Level 1.2 Evocations


You had 5 spell levels left.
You didn't know any spells.
Your spell library was empty.

Dungeon Overview and Level Annotations

Branches:
Dungeon (3/15)

Altars:
Dithmenos
Kikubaaqudgha
Vehumet
Yredelemnul


Innate Abilities, Weirdness & Mutations

Your experience applies equally to all skills.
You have very sharp teeth.
Your uncanny sense of smell can sniff out nearby items.


Message History

The gnoll hits you but does no damage.
The gnoll hits you from afar with a +0 spear.
* * * LOW HITPOINT WARNING * * *
The gnoll hits you but does no damage.
The gnoll hits you from afar with a +0 spear.
* * * LOW HITPOINT WARNING * * *
The gnoll hits you but does no damage. The gnoll hits you but does no damage.
The gnoll hits you from afar with a +0 halberd.
* * * LOW HITPOINT WARNING * * *
The gnoll hits you but does no damage.
Your transformation is almost over.
The gnoll hits you but does no damage. x2
The gnoll hits you but does no damage.
The gnoll hits you from afar with a +0 spear.
* * * LOW HITPOINT WARNING * * *
The gnoll hits you but does no damage. x2
The gnoll hits you from afar with a +0 spear.
* * * LOW HITPOINT WARNING * * *
The gnoll hits you but does no damage.
The gnoll hits you but does no damage. x3
The gnoll barely misses you. The gnoll hits you but does no damage.
Unknown command.
You hear the quick rusting of a distant drain.
The gnoll hits you but does no damage. x4
Unknown command.
The gnoll hits you but does no damage. x2
Unknown command.
You feel less wooden.
Your +1 cloak unmelds from your body.
Your +0 chain mail unmelds from your body.
The gnoll hits you but does no damage. The gnoll closely misses you.
The gnoll hits you but does no damage. The gnoll closely misses you.
You feel a little less agile now.
You feel yourself speed up.
The gnoll hits you from afar with a +0 halberd.
* * * LOW HITPOINT WARNING * * *
The gnoll barely misses you.
You hit the gnoll. The gnoll barely misses you.
The gnoll hits you from afar with a +0 spear.
* * * LOW HITPOINT WARNING * * *
You barely miss the gnoll. The gnoll hits you with a +0 halberd.
* * * LOW HITPOINT WARNING * * *
The gnoll closely misses you.
You completely miss the gnoll.
The gnoll hits you from afar with a +0 spear.
* * * LOW HITPOINT WARNING * * *
The gnoll hits you with a +0 halberd.
You die...

#.# ###....# #.#+### ......
#.....#######..#####
#.....+.............
#.....# #####..####.
#.....# #.># #.
########.....# #.## #.
...#.....).g....#######.#
#.
........†##.g@..'.......#
#.
..##.##.###.....#########
#. # #'# #.######## #.# #.
... #.# ...# #.#####.
.....#.#.####.####.......
.)....#.#.#...............
#+##+###.#.#.##.####.###...
#.#.#.##.# #.# #...
#.#.#.##.# #.# #...


You could see 2 gnolls.

Vanquished Creatures
  A gnoll (D:3)
  2 adders (D:2)
  4 orcs
  A ball python (D:1)
  4 giant cockroaches
  12 goblins
  12 hobgoblins
  2 jackals (D:1)
  5 kobolds
  9 bats
  5 frilled lizards
  A rat (D:2)
58 creatures vanquished.

Notes
Turn   | Place    | Note
-------+----------+-------------------------------------------
     0 | D:1      | vurker the Gnoll Wanderer began the quest for the Orb.
     0 | D:1      | vurker set off with the following items: a +2 mace, 2
                  | potions of lignification, a +0 robe, a ration
     0 | D:1      | Reached XP level 1. HP: 26/26 MP: 1/1
   200 | D:1      | Reached XP level 2. HP: 33/33 MP: 2/2
   725 | D:1      | Reached XP level 3. HP: 37/38 MP: 3/3
  1151 | D:2      | Reached skill level 1 in Invocations
  1514 | D:2      | Found an ancient bone altar of Kikubaaqudgha.
  1568 | D:2      | Reached skill level 1 in Short Blades
  1568 | D:2      | Reached skill level 1 in Long Blades
  1568 | D:2      | Reached skill level 1 in Axes
  1568 | D:2      | Reached skill level 1 in Polearms
  1568 | D:2      | Reached skill level 1 in Staves
  1568 | D:2      | Reached skill level 1 in Slings
  1568 | D:2      | Reached skill level 1 in Bows
  1568 | D:2      | Reached skill level 1 in Crossbows
  1568 | D:2      | Reached skill level 1 in Throwing
  1568 | D:2      | Reached skill level 1 in Dodging
  1568 | D:2      | Reached skill level 1 in Unarmed Combat
  1568 | D:2      | Reached skill level 1 in Spellcasting
  1568 | D:2      | Reached skill level 1 in Evocations
  1568 | D:2      | Reached XP level 4. HP: 44/45 MP: 5/5
  1693 | D:2      | Found a basalt altar of Yredelemnul.
  1693 | D:2      | Found a shadowy altar of Dithmenos.
  1704 | D:2      | Found a faded altar of an unknown god.
  1706 | D:2      | Found a radiant altar of Vehumet.
  1707 | D:2      | Found a faded altar of an unknown god.
  2417 | D:3      | Reached skill level 1 in Conjurations
  2417 | D:3      | Reached skill level 1 in Hexes
  2417 | D:3      | Reached skill level 1 in Charms
  2417 | D:3      | Reached skill level 1 in Summonings
  2417 | D:3      | Reached skill level 1 in Necromancy
  2417 | D:3      | Reached skill level 1 in Translocations
  2417 | D:3      | Reached skill level 1 in Transmutations
  2417 | D:3      | Reached skill level 1 in Fire Magic
  2417 | D:3      | Reached skill level 1 in Ice Magic
  2417 | D:3      | Reached skill level 1 in Air Magic
  2417 | D:3      | Reached skill level 1 in Earth Magic
  2417 | D:3      | Reached skill level 1 in Poison Magic
  2459 | D:3      | HP: 2/45 [gnoll/+0 spear (1)]
  2459 | D:3      | Slain by a gnoll

Levels and vault maps discovered:
D:1:      elethiomel_arrival_infinity_welcomes_careful_drivers,
          layout_loops_ring
D:2:      minmay_spotlight, layout_basic, chequers_temple_overflow_minitemple,
          kiku_gazebo_pond_becter, minmay_pentomino_u2
D:3:      layout_basic, first_ration, lightli_sewer_entry_pipes

Skill      XL: |  1  2  3  4 |
---------------+-------------+-----
Invocations    | 1 |  1.3
Short Blades   | 1 |  1.2
Long Blades    | 1 |  1.2
Axes           | 1 |  1.2
Polearms       | 1 |  1.2
Staves         | 1 |  1.2
Slings         | 1 |  1.2
Bows           | 1 |  1.2
Crossbows      | 1 |  1.2
Throwing       | 1 |  1.2
Dodging        | 1 |  1.2
Unarmed Combat | 1 |  1.2
Spellcasting   | 1 |  1.2
Evocations     | 1 |  1.2
Conjurations   | 1 |  1.0
Hexes          | 1 |  1.0
Charms         | 1 |  1.0
Summonings     | 1 |  1.0
Necromancy     | 1 |  1.0
Translocations | 1 |  1.0
Transmutations | 1 |  1.0
Fire Magic     | 1 |  1.0
Ice Magic      | 1 |  1.0
Air Magic      | 1 |  1.0
Earth Magic    | 1 |  1.0
Poison Magic   | 1 |  1.0
Fighting       | |  8.6
Maces & Flails | |  4.6
Armour         | |  4.6
Stealth        | |  2.6
Shields        | |  2.8

Action                   |  1- 3 |  4- 6 || total
-------------------------+-------+-------++-------
Melee: Mace              |    88 |    53 ||   141
       Bite              |    11 |       ||    11
       Dagger            |     7 |       ||     7
  Use: Scroll            |     2 |     1 ||     3
       Potion            |       |     6 ||     6
 Stab: Distracted        |     1 |       ||     1
       Sleeping          |     1 |       ||     1
  Eat: Chunk             |     2 |     3 ||     5
Armor: Robe              |    34 |       ||    34
       Chain mail        |     5 |    45 ||    50
       Skin              |       |    62 ||    62
Dodge: Dodged            |    65 |    49 ||   114
